 Dungeon Crawl Stone Soup version 0.28.0-53-g5a82cb258f (webtiles) character file.

Game seed: 6938526964529105081

3716 Kranky the Carver (level 10, -3/69 HPs)
             Began as an Octopode Fighter on June 19, 2022.
             Was a Priest of Okawaru.
             Slain by Harold
             ... wielding a +1 vorpal hand axe
              (7 damage)
             ... on level 7 of the Dungeon.
             The game lasted 00:20:03 (10606 turns).

Kranky the Carver (Octopode Fighter)               Turns: 10606, Time: 00:20:03

Health: -3/69      AC:  1    Str: 22    XL:     10   Next: 14%
Magic:  10/10      EV: 12    Int: 11    God:    Okawaru [***...]
Gold:   486        SH: 10    Dex: 15    Spells: 9/9 levels left

rFire   . . .      SeeInvis .   v - +4 scimitar
rCold   . . .      Faith    .   r - +0 kite shield
rNeg    . . .      Spirit   .   (helmet restricted)
rPois   +          Reflect  .   g - amulet of the acrobat
rElec   .          Harm     .   w - ring of poison resistance
rCorr   .          Rampage  .   y - +6 ring of strength
Will    .....                   (no ring)
Stlth   +++++.....              (no ring)
HPRegen 0.21/turn               (no ring)
MPRegen 0.12/turn               (no ring)
                                (no ring)
                                (no ring)

@: no status effects
A: almost no armour, amphibious, 8 rings, camouflage 1, gelatinous body 1,
(nimble swimmer 1), tentacles
a: Renounce Religion, Heroism


You were on level 7 of the Dungeon.
You worshipped Okawaru.
Okawaru was most pleased with you.
You visited 2 branches of the dungeon, and saw 8 of its levels.

You collected 486 gold pieces.

Inventory:

Hand Weapons
 v - a +4 scimitar (weapon)
 A - a +4 flail of freezing
Missiles
 i - 72 sling bullets
 k - 16 poisoned darts (quivered)
Armour
 r - a +0 kite shield (worn)
Jewellery
 f - a ring of fire
 g - an amulet of the acrobat (around mantle)
 w - a ring of poison resistance (left tentacle)
 y - a +6 ring of strength (right tentacle)
Wands
 l - a wand of polymorph (12)
Scrolls
 b - 2 scrolls of enchant weapon {unknown}
 d - 5 scrolls of vulnerability {unknown}
 e - 4 scrolls of identify {unknown}
 j - 5 scrolls of teleportation {unknown}
 p - a scroll of fear {unknown}
 s - a scroll of holy word {unknown}
 t - a scroll of blinking {unknown}
 u - a scroll of magic mapping {unknown}
 x - a scroll of summoning {unknown}
Potions
 c - a potion of might
 h - 2 potions of heal wounds
 m - a potion of lignification {unknown}
 n - 2 potions of degeneration {unknown}
 o - a potion of flight {unknown}
 q - a potion of brilliance {unknown}
 z - a potion of resistance {unknown}


   Skills:
 + Level 6.7 Fighting
 - Level 10.0 Long Blades
 + Level 1.8 Throwing
 - Level 3.0 Dodging
 - Level 9.7 Stealth
 + Level 5.3 Shields


You had 9 spell levels left.
You didn't know any spells.
Your spell library contained the following spells:

 Spells                   Type           Power      Damage    Failure   Level
 Corpse Rot               Necr/Air       0%         N/A       83%         2
 Static Discharge         Conj/Air       0%         N/A       83%         2
 Ozocubu's Armour         Ice            0%         N/A       96%         3
 Dispel Undead            Necr           0%         3d6       100%        4
 Sticky Flame             Conj/Fire      0%         2d3       100%        4
 Metabolic Englaciation   Hex/Ice        0%         N/A       100%        5
 Ozocubu's Refrigeration  Ice            0%         4d5       100%        7
 Death Channel            Necr           Unusable   N/A       N/A         6
 Simulacrum               Ice/Necr       Unusable   N/A       N/A         6

Dungeon Overview and Level Annotations

Branches:
Dungeon (7/15)             Temple (1/1) D:5

Altars:
Ashenzari
Cheibriados
Dithmenos
Elyvilon
Fedhas
Gozag
Hepliaklqana
Kikubaaqudgha
Makhleb
Nemelex Xobeh
Okawaru
Qazlal
Ru
Sif Muna
Trog
Uskayaw
Wu Jian
Xom
Yredelemnul
Zin
The Shining One

Annotations:
D:7 Harold


Innate Abilities, Weirdness & Mutations

You cannot wear most types of armour.
You are amphibious.
You can wear up to eight rings at the same time.
Your skin changes colour to match your surroundings (Stealth+).
Your rubbery body absorbs attacks. (AC +1, EV +1)
((You are camouflaged when in or above water. (Stealth+)))
You have tentacles for arms and can constrict up to eight enemies at once.


Message History

Found an escape hatch in the floor.
There is an escape hatch in the floor here.
There is an escape hatch in the floor here.
There is an open door here.
Harold the Weathered comes into view.
He is wielding a +1 vorpal hand axe.
Throw: 17 darts (poison)
Press: ? - help, Q - select action, (/) - cycle Shift-Dir - straight line, f - Harold
Aim: Harold, wielding a +1 vorpal hand axe, wearing a +0 chain mail and quivering 3 throwing nets (wandering, hasn't noticed you, 76% to hit)
You throw a poisoned dart. The poisoned dart barely misses Harold.
Harold shouts!
You hear an angry growl.
Harold fires a harpoon shot at you. The harpoon shot misses you.
You start waiting.
Harold is nearby!
Harold hits you with a +1 vorpal hand axe!!
You slash Harold! You grab Harold. You squeeze Harold.
Harold is moderately wounded.
You constrict Harold. You block Harold's attack.
You slash Harold!
Harold is heavily wounded.
You constrict Harold, but do no damage. Harold barely misses you.
You slash Harold!
Harold is severely wounded.
You constrict Harold. You block Harold's attack.
You hit Harold. You squeeze Harold, but do no damage.
Harold is severely wounded.
You constrict Harold. Harold barely misses you.
You hit Harold but do no damage. You squeeze Harold.
Harold is severely wounded.
You constrict Harold.
Harold hits you with a +1 vorpal hand axe!!
A black bear comes into view.
Harold barely misses you.
You hit Harold. You squeeze Harold, but do no damage.
Harold is almost dead.
You constrict Harold!
Harold hits you with a +1 vorpal hand axe!!
* * * LOW HITPOINT WARNING * * *
You die...

#............
.......####.........
.......# #.........
......# #.########
..h..####'########
#....#.........##
#....#..........'
#########@...#.........##
........@....############
#########...#############
#...'............
#...###########..
#...'............
#...##########... #...#
#... ##'##############
#.##..........##


You could see Harold and a black bear.

Vanquished Creatures
  Sigmund (D:4)
  2 steam dragons (D:7)
  7 water moccasins
  Duvessa (D:5)
  3 ice beasts
  A hornet zombie (D:6)
  A black bear (D:5)
  A necrophage (D:7)
  An ogre (D:7)
  A centaur (D:7)
  A phantom (D:6)
  A gnoll sergeant (D:6)
  4 scorpions
  A water moccasin skeleton (D:6)
  Dowan (D:5)
  7 wights
  A howler monkey (D:5)
  A bullfrog zombie (D:6)
  A centaur zombie (D:7)
  A crimson imp (D:5)
  4 hounds
  Crazy Yiuf (D:3)
  A jelly (D:5)
  2 orc priests
  A gnoll shaman (D:7)
  A centaur skeleton (D:7)
  Jessica (D:2)
  Natasha (thrice) (D:4)
  5 iguanas
  2 orc wizards (D:4)
  A killer bee zombie (D:6)
  11 gnolls
  2 howler monkey skeletons
  8 adders
  2 white imps
  An ufetubus (D:7)
  An adder skeleton (D:4)
  A worm (D:3)
  A dart slug (D:1)
  16 orcs
  3 endoplasms
  2 giant cockroaches (D:3)
  10 goblins
  6 hobgoblins
  8 kobolds
  3 quokkas
  7 ball pythons
  3 bats
  3 frilled lizards
  6 rats
154 creatures vanquished.

Notes
Turn   | Place    | Note
-------+----------+-------------------------------------------
     0 | D:1      | Kranky the Octopode Fighter began the quest for the Orb.
     0 | D:1      | Reached XP level 1. HP: 16/16 MP: 1/1
    67 | D:1      | Reached skill level 1 in Stealth
   148 | D:1      | Reached XP level 2. HP: 21/21 MP: 2/2
   152 | D:1      | Found a faded altar of an unknown god.
   523 | D:1      | Reached XP level 3. HP: 9/26 MP: 3/3
  1113 | D:2      | Found a glowing silver altar of Zin.
  1756 | D:2      | Noticed Jessica
  1762 | D:2      | Killed Jessica
  1763 | D:2      | Reached XP level 4. HP: 31/31 MP: 4/4
  2023 | D:3      | Reached skill level 5 in Stealth
  2028 | D:3      | Reached XP level 5. HP: 34/36 MP: 5/5
  2109 | D:3      | Found a runed translucent door.
  2110 | D:3      | Noticed Crazy Yiuf
  2188 | D:3      | Reached skill level 3 in Long Blades
  2732 | D:3      | Killed Crazy Yiuf
  3052 | D:4      | Noticed Natasha
  3259 | D:4      | Killed Natasha
  3260 | D:4      | Reached XP level 6. HP: 32/42 MP: 6/6
  3774 | D:4      | Noticed Natasha
  3853 | D:4      | Reached skill level 4 in Long Blades
  3857 | D:4      | Killed Natasha
  3944 | D:4      | Noticed Natasha
  4046 | D:4      | Killed Natasha
  4144 | D:4      | Noticed Sigmund
  4280 | D:4      | Killed Sigmund
  4281 | D:4      | Reached skill level 5 in Long Blades
  4281 | D:4      | Reached XP level 7. HP: 3/46 MP: 7/7
  5089 | D:5      | Entered Level 5 of the Dungeon
  5118 | D:5      | Noticed Duvessa
  5118 | D:5      | Noticed Dowan
  5156 | D:5      | Found a staircase to the Ecumenical Temple.
  5173 | Temple   | Entered the Ecumenical Temple
  5435 | D:5      | Reached skill level 6 in Long Blades
  5485 | Temple   | Became a worshipper of Warmaster Okawaru
  5978 | D:5      | Killed Duvessa
  5989 | D:5      | Killed Dowan
  5990 | D:5      | Reached XP level 8. HP: 7/52 MP: 8/8
  6363 | D:5      | Reached skill level 7 in Long Blades
  7393 | D:6      | Reached skill level 8 in Long Blades
  7757 | D:6      | Reached * piety under Okawaru
  7783 | D:6      | Reached skill level 9 in Long Blades
  7783 | D:6      | Reached XP level 9. HP: 34/57 MP: 9/9
  8856 | D:6      | Reached skill level 10 in Long Blades
  9152 | D:7      | Reached ** piety under Okawaru
  9659 | D:7      | Reached skill level 5 in Fighting
  9760 | D:7      | Found a stormy altar of Qazlal.
  9770 | D:7      | Reached skill level 1 in Throwing
  9785 | D:7      | Reached *** piety under Okawaru
  9787 | D:7      | Reached XP level 10. HP: 51/68 MP: 10/10
 10148 | D:7      | Reached skill level 5 in Shields
 10592 | D:7      | Noticed Harold
 10606 | D:7      | Slain by Harold

Illustrated notes

Levels and vault maps discovered:
D:1:      nzn_arrival_depleted_hourglass, layout_rooms,
          shapermc_ecumenical_altar_mp_highgroup
D:2:      layout_loops_cross, basic_altar, uniq_jessica
D:3:      layout_basic, uniq_crazy_yiuf_cottage
D:4:      layout_loops_cross, uniq_natasha, uniq_sigmund
D:5:      layout_loops_ring, minmay_temple_entry_large_hall,
          chequers_serial_rivers_micro_d, minmay_fire_ice_demons, uniq_duvessa
D:6:      layout_loops_cross
D:7:      layout_basic, minmay_ruined_shrine, uniq_harold
Temple:   kilobyte_greek_temple

Skill      XL: |  1  2  3  4  5  6  7  8  9 10 |
---------------+-------------------------------+-----
Stealth        | 2 3 4 5 6 7 8 9 |  9.7
Long Blades    | 3 5 6 9 10 | 10.0
Fighting       | 6 |  6.7
Shields        | 4 5 |  5.3
Throwing       | 1 |  1.8
Dodging        | |  3.0

Action                   |  1- 3 |  4- 6 |  7- 9 | 10-12 || total
-------------------------+-------+-------+-------+-------++-------
Melee: Long sword        |    52 |    85 |    79 |       ||   216
       Constrict         |    14 |    20 |    46 |     3 ||    83
       Tentacles         |     6 |    15 |    55 |     6 ||    82
       Scimitar          |       |       |   118 |    24 ||   142
       Punch             |       |       |     7 |       ||     7
Throw: Dart              |       |       |     4 |     1 ||     5
  Use: Potion            |       |       |     1 |       ||     1
 Stab: Distracted        |     1 |       |     1 |       ||     2
       Sleeping          |    11 |     7 |    12 |     3 ||    33
Armor: Skin              |     2 |       |     4 |       ||     6
Dodge: Dodged            |    15 |    47 |    84 |    11 ||   157
Block: Buckler           |     8 |    12 |     1 |       ||    21
       Kite shield       |       |       |    68 |     9 ||    77
